 Dungeon Crawl Stone Soup version 0.19-a0-1193-g2641e52 (webtiles) character file.

58 Gorice the Cutter (level 4, -2/24 HPs)
             Began as a Kobold Enchanter on Aug 19, 2016.
             Slain by a worm (10 damage)
             ... on level 2 of the Dungeon.
             The game lasted 00:07:21 (1865 turns).

Gorice the Cutter (Kobold Enchanter)                Turns: 1865, Time: 00:07:22

Health: -2/24      AC:  6    Str:  7    XL:     4   Next: 21%
Magic:  2/7        EV: 12    Int: 13    God:
Gold:   107        SH:  0    Dex: 16    Spells: 1 memorised, 6 levels left

rFire  . . .     SeeInvis .     a - +0 rapier
rCold  . . .     Gourm    .     k - +0 ring mail
rNeg   . . .     Faith    .     (shield restricted)
rPois  .         Spirit   .     p - +0 helmet
rElec  .         Dismiss  .     (no cloak)
rCorr  .         Reflect  .     (no gloves)
MR     .....     Harm     .     (no boots)
Stlth  ++........               (no amulet)
                                (no ring)
                                (no ring)

@: very slightly contaminated
A: carnivore 3
a: no special abilities


You were on level 2 of the Dungeon.
You were completely stuffed.

You visited 1 branch of the dungeon, and saw 2 of its levels.

You collected 107 gold pieces.

Inventory:

Hand Weapons
 a - a +0 rapier (weapon)
 b - a +1 dagger
 m - a cursed -2 short sword
Missiles
 g - 20 sling bullets
 i - 9 poisoned needles
 Z - 39 stones (quivered)
Armour
 k - a +0 ring mail (worn)
 n - a +1 robe
 o - a +0 plate armour
 p - a +0 helmet (worn)
Scrolls
 e - a scroll of identify
 f - a scroll of magic mapping {unknown}
 h - a scroll of blinking
Books
 c - a book of Maledictions
Comestibles
 d - 3 meat rations {!e}
 j - a beef jerky
 l - 6 chunks of flesh


   Skills:
 * Level 4.5 Short Blades
 + Level 1.0 Armour
 - Level 2.4 Dodging
 - Level 4.0 Stealth
 - Level 2.0 Spellcasting
 - Level 3.0 Hexes


You had 6 spell levels left.
You knew the following spells:

 Your Spells              Type           Power        Failure   Level  Hunger
a - Corona                Hex            #......      24%         1    ##.....


Dungeon Overview and Level Annotations

Branches:
Dungeon (2/15)

Altars:


Innate Abilities, Weirdness & Mutations

You are small and have problems with some larger weapons.
You are carnivorous and can eat meat at any time.


Message History

Press: ? - help, Shift-Dir - straight line, f/p - worm
Aim: a worm (moderately wounded)
Okay, then.
Casting: Corona
Confirm with . or Enter, or press ? or * to list all spells.
Aiming: Corona
Press: ? - help, Shift-Dir - straight line, f/p - worm
Aim: a worm (moderately wounded, chance to defeat MR: 52%)
The worm struggles to resist.
Casting: Corona
Confirm with . or Enter, or press ? or * to list all spells.
Aiming: Corona
Press: ? - help, Shift-Dir - straight line, f/p - worm
Aim: a worm (moderately wounded, chance to defeat MR: 52%)
You miscast Corona.
You feel off-balance for a moment.
Casting: Corona
Confirm with . or Enter, or press ? or * to list all spells.
Aiming: Corona
Press: ? - help, Shift-Dir - straight line, f/p - worm
Aim: a worm (moderately wounded, chance to defeat MR: 52%)
You miscast Corona.
Nothing appears to happen.
Casting: Corona
Confirm with . or Enter, or press ? or * to list all spells.
Aiming: Corona
Press: ? - help, Shift-Dir - straight line, f/p - worm
Aim: a worm (moderately wounded, chance to defeat MR: 52%)
You miscast Corona.
Multicoloured lights dance before your eyes!
Casting: Corona
Confirm with . or Enter, or press ? or * to list all spells.
Aiming: Corona
Press: ? - help, Shift-Dir - straight line, f/p - worm
Aim: a worm (moderately wounded, chance to defeat MR: 52%)
The worm is outlined in light.
You hit the worm.
The worm is heavily wounded.
The worm closely misses you.
You hit the worm.
The worm is heavily wounded.
You hit the worm.
The worm is severely wounded.
The worm bites you.
* * * LOW HITPOINT WARNING * * *
Damage: 1 (max 8)
You completely miss the worm.
The worm is heavily wounded.
You hit the worm.
The worm is severely wounded.
The worm bites you!
You die...

.................................
########..##...........#.........
.### #..##...................?.
...# #..##...........##........
##.### #...##..........##........
#.<.###...#[....#...............
###..##.....###.###....#........
####..#......).......###........
##.......รท..####@w...............
...###.##.#### #.............(...
.###....#....###.....>...#.......
..............##.........##.....#
###............#.........########
#............#.........#
#............###########
##..........## ##...##...##


You could see a worm.

Vanquished Creatures
  An adder (D:2)
  3 oozes
  2 giant geckos
  A ball python (D:2)
  A giant cockroach (D:2)
  4 goblins
  5 hobgoblins
  3 jackals
  A bat (D:1)
  A giant newt (D:1)
  5 kobolds
  8 rats
35 creatures vanquished.

Notes
Turn   | Place    | Note
-------+----------+-------------------------------------------
     0 | D:1      | Gorice the Kobold Enchanter began the quest for the Orb.
     0 | D:1      | Reached XP level 1. HP: 10/10 MP: 3/3
   201 | D:1      | Reached skill level 2 in Short Blades
   304 | D:1      | Reached XP level 2. HP: 15/15 MP: 1/5
   432 | D:1      | HP: 4/15 [ooze (2)]
   464 | D:1      | HP: 2/15 [ooze (3)]
   468 | D:1      | Reached skill level 3 in Short Blades
   903 | D:1      | Reached XP level 3. HP: 17/19 MP: 4/6
  1187 | D:2      | Reached skill level 4 in Short Blades
  1325 | D:2      | HP: 3/19 [worm (8)]
  1702 | D:2      | Reached XP level 4. HP: 21/24 MP: 2/7
  1804 | D:2      | Reached skill level 1 in Armour
  1845 | D:2      | HP: 7/24 [worm (8)]
  1865 | D:2      | Slain by a worm

Vault maps used:
D:1:      minmay_arrival_widening_spiral_wide
D:2:      ecumenical_altar_2

Skill      XL: |  1  2  3  4 |
---------------+-------------+-----
Short Blades   | 2 3 4 |  4.5
Armour         | 1 |  1.0
Dodging        | |  2.4
Stealth        | |  4.0
Spellcasting   | |  2.0
Hexes          | |  3.0

Action                   |  1- 3 |  4- 6 || total
-------------------------+-------+-------++-------
Melee: Dagger            |   111 |       ||   111
       Rapier            |       |    27 ||    27
Throw: Stone             |     6 |       ||     6
 Cast: Corona            |    22 |     5 ||    27
  Use: Scroll            |     4 |       ||     4
 Stab: Distracted        |     3 |       ||     3
       Sleeping          |     4 |       ||     4
  Eat: Chunk             |    11 |     1 ||    12
Armor: Robe              |    15 |       ||    15
       Ring mail         |     3 |     6 ||     9
Dodge: Dodged            |    80 |    10 ||    90

Table legend:
 A = Turns spent in this place as a percentage of turns spent in the entire game.
 B = Non-inter-level travel turns spent in this place as a percentage of non-inter-level travel turns spent in the entire game.
 C = Inter-level travel turns spent in this place as a percentage of turns spent in this place.
 D = Turns resting spent in this place as a percentage of non-inter-level travel turns spent in this place.
 E = Turns spent auto-exploring this place as a percentage of non-inter-level travel turns spent in this place.
 F = Non-inter-level travel turns spent in this place divided by the number of levels of this place that you've seen.
                   A       B       C       D       E      F
               +-------+-------+-------+-------+-------+----------------------
         Total | 100.0 | 100.0 |   0.2 |   3.6 |   3.2 | 419.5
       Dungeon | 100.0 | 100.0 |   0.2 |   3.6 |   3.2 | 419.5
               +-------+-------+-------+-------+-------+----------------------

Vault maps used:
D:1:      minmay_arrival_widening_spiral_wide
D:2:      ecumenical_altar_2
